[Event "Turkish Club Cup 2019"]
[Site "Konya"]
[Date "2019.07.18"]
[Round "5"]
[White "Eraslan, Yagmur"]
[Black "Acar, Selen"]
[Result "1-0"]
[ECO "B52"]
[WhiteElo "1651"]
[BlackElo "1283"]
[Annotator "NA"]
[PlyCount "107"]
[EventDate "2019.07.16"]
[EventType "team-tourn"]
[EventCountry "TUR"]
[SourceTitle "playchess.com"]
[Source "ChessBase"]
[SourceQuality "1"]
[TimeControl "5400+30"]

1. e4 c5 2. Nf3 d6 3. Bb5+ Bd7 4. Bxd7+ Qxd7 5. c4 Nc6 6. d4 cxd4 7. Nxd4 Nf6 8. Nc3 g6 9. f3 Bg7 10. Be3 Qc8 11. b3 Nd7 12. O-O O-O 13. Rc1 Nc5 14. Nd5 Qd8 15. Nb5 a6 16. Nbc3 e6 17. Nf4 Be5 18. Nd3 Nxd3 19. Qxd3 Qe7 20. f4 Bg7 21. Rfd1 f5 22. Qxd6 Bxc3 23. Qxe7 Nxe7 24. Rxc3 fxe4 25. Rd7 Nf5 26. Rxb7 Nxe3 27. Rxe3 Rxf4 28. g3 Rg4 29. Re7 Rd8 30. Rxe6 Rd1+ 31. Kf2 Rg5 32. R6xe4 Rf5+ 33. Rf4 Rxf4+ 34. gxf4 Rd4 35. Kf3 Rd2 36. Re2 Rd3+ 37. Ke4 Rd7 38. c5 Rb7 39. c6 Re7+ 40. Kd3 Rc7 41. Rc2 Kf7 42. b4 Ke6 43. a4 Kd6 44. b5 axb5 45. axb5 h6 46. Kc4 Rf7 47. Rd2+ Kc7 48. Rd7+ Rxd7 49. cxd7 Kxd7 50. Kd5 Kc7 51. Ke6 Kb6 52. Kf6 g5 53. fxg5 hxg5 54. Kxg5 1-0

[Event "Turkish Club Cup 2019"]
[Site "Konya"]
[Date "2019.07.18"]
[Round "5"]
[White "Acar, Ilhami"]
[Black "Ipek, Ekin"]
[Result "1-0"]
[ECO "B42"]
[WhiteElo "1636"]
[BlackElo "1706"]
[Annotator "NA"]
[PlyCount "51"]
[EventDate "2019.07.16"]
[EventType "team-tourn"]
[EventCountry "TUR"]
[SourceTitle "playchess.com"]
[Source "ChessBase"]
[SourceQuality "1"]
[TimeControl "5400+30"]

1. e4 c5 2. Nf3 e6 3. d4 cxd4 4. Nxd4 a6 5. c4 Qc7 6. Bd3 Nf6 7. O-O d6 8. Nc3 Nc6 9. Nxc6 bxc6 10. b3 Bb7 11. Qe2 Be7 12. Bb2 Nd7 13. f4 Bf6 14. Kh1 Rd8 15. Rad1 Nb8 16. e5 dxe5 17. Ne4 Nd7 18. Nxf6+ gxf6 19. f5 Ke7 20. fxe6 fxe6 21. c5 Qa5 22. Bc4 h5 23. Qd3 Qxc5 24. b4 Nb6 25. Qg6 Rxd1 26. Qxf6+ 1-0

[Event "Turkish Club Cup 2019"]
[Site "Konya"]
[Date "2019.07.18"]
[Round "5"]
[White "Tuncer, Orcun Ege"]
[Black "Sariali, Furkan Anil"]
[Result "1-0"]
[ECO "B84"]
[WhiteElo "1626"]
[BlackElo "1733"]
[Annotator "NA RC"]
[PlyCount "99"]
[EventDate "2019.07.16"]
[EventType "team-tourn"]
[EventCountry "TUR"]
[SourceTitle "playchess.com"]
[Source "ChessBase"]
[SourceQuality "1"]
[TimeControl "5400+30"]

1. e4 c5 2. Nf3 d6 3. d4 cxd4 4. Nxd4 Nf6 5. Nc3 a6 6. Be2 e6 7. Be3 Be7 8. O-O O-O 9. a4 Qc7 10. Bf3 Nbd7 11. a5 Ne5 12. Be2 Bd7 13. f4 Nc4 14. Bxc4 Qxc4 15. h3 Bc6 16. Qd3 Qxd3 17. cxd3 d5 18. e5 Nd7 19. Nxc6 bxc6 20. Na4 c5 21. Rfc1 d4 22. Bd2 Rab8 23. b4 Rfc8 24. bxc5 Bxc5 25. Rc4 Ba7 26. Rac1 Rxc4 27. Rxc4 Rb7 28. Rc8+ Nf8 29. Rc6 f6 30. exf6 gxf6 31. Rxa6 Kf7 32. Nb6 Nd7 33. Nxd7 Rxd7 34. Rc6 Rb7 35. Kf2 Bb8 36. Kf3 Ba7 37. a6 Rd7 38. Bb4 h6 39. g4 Bb8 40. Bc5 e5 41. fxe5 fxe5 42. Rxh6 Kg7 43. g5 Rc7 44. Bf8+ Kg8 45. Bd6 Rc8 46. Bxb8 Rxb8 47. Ke4 Re8 48. Rb6 Kg7 49. h4 Kf7 50. Kf5 1-0

[Event "Turkish Club Cup 2019"]
[Site "Konya"]
[Date "2019.07.18"]
[Round "5"]
[White "Sural, Ceren"]
[Black "Yorgun, Yaren Naz"]
[Result "0-1"]
[ECO "C00"]
[WhiteElo "1622"]
[BlackElo "1819"]
[Annotator "NA RC"]
[PlyCount "106"]
[EventDate "2019.07.16"]
[EventType "team-tourn"]
[EventCountry "TUR"]
[SourceTitle "playchess.com"]
[Source "ChessBase"]
[SourceQuality "1"]
[TimeControl "5400+30"]

1. e4 e6 2. d3 d5 3. Nd2 Nf6 4. Ngf3 c5 5. g3 Nc6 6. Bg2 Be7 7. O-O O-O 8. e5 Nd7 9. Re1 Qc7 10. Qe2 b5 11. Nf1 a5 12. h4 b4 13. h5 Ba6 14. c3 a4 15. N1h2 a3 16. Ng4 axb2 17. Bxb2 bxc3 18. Bxc3 c4 19. dxc4 Bxc4 20. Qd2 Qd8 21. Kh2 Nc5 22. Nd4 Nxd4 23. Bxd4 Na6 24. Re3 Nb4 25. a3 Nc6 26. Bb2 Qa5 27. Qc1 Qb6 28. Rf3 Kh8 29. Qd2 Na5 30. Rh1 Nb3 31. Qf4 Be2 32. Re3 Bxg4 33. Qxg4 h6 34. Rb1 Nd2 35. Rd1 Nc4 36. Bd4 Nxe3 37. Bxe3 Qb2 38. Bd4 Qxa3 39. Bf1 Bc5 40. Bxc5 Qxc5 41. Qd4 Qxd4 42. Rxd4 Ra2 43. Kg2 Rb8 44. Rf4 Kg8 45. Bd3 Ra3 46. Rd4 Rab3 47. Kf3 R8b4 48. Ke3 Rxd4 49. Kxd4 Kf8 50. f3 Ke7 51. g4 f6 52. f4 fxe5+ 53. fxe5 Rb4+ 0-1

[Event "Turkish Club Cup 2019"]
[Site "Konya"]
[Date "2019.07.18"]
[Round "5"]
[White "Sarikas, Ertan"]
[Black "Efendioglu, Ahmet"]
[Result "1-0"]
[ECO "A08"]
[WhiteElo "1612"]
[BlackElo "1511"]
[Annotator "NA"]
[PlyCount "77"]
[EventDate "2019.07.16"]
[EventType "team-tourn"]
[EventCountry "TUR"]
[SourceTitle "playchess.com"]
[Source "ChessBase"]
[SourceQuality "1"]
[TimeControl "5400+30"]

1. e4 e6 2. Qe2 c5 3. Nf3 Nc6 4. g3 Nge7 5. Bg2 g6 6. O-O Bg7 7. d3 O-O 8. c3 d5 9. e5 h6 10. h4 Kh7 11. Re1 b6 12. Bf4 Ba6 13. Nbd2 Qd7 14. Nf1 Rae8 15. N1h2 b5 16. Ng4 Ng8 17. Qd2 b4 18. Bxh6 Nxh6 19. Qxh6+ Bxh6 20. Nf6+ Kg7 21. Nxd7 Rh8 22. Nxc5 Bc8 23. d4 Re7 24. Bf1 Bb7 25. Bb5 Rc8 26. Nxb7 Rxb7 27. Ba6 Rbc7 28. Bxc8 Rxc8 29. Ng5 Bxg5 30. hxg5 a5 31. Red1 Na7 32. cxb4 axb4 33. Rac1 Rxc1 34. Rxc1 Nb5 35. Rd1 Kf8 36. Kf1 Ke7 37. Ke2 Kd7 38. Kd3 Nc7 39. a4 1-0

[Event "Turkish Club Cup 2019"]
[Site "Konya"]
[Date "2019.07.18"]
[Round "5"]
[White "Akin, Batikan Aybey"]
[Black "Basaran, Alp"]
[Result "1/2-1/2"]
[ECO "B07"]
[WhiteElo "1610"]
[BlackElo "1857"]
[Annotator "NA"]
[PlyCount "176"]
[EventDate "2019.07.16"]
[EventType "team-tourn"]
[EventCountry "TUR"]
[SourceTitle "playchess.com"]
[Source "ChessBase"]
[SourceQuality "1"]
[TimeControl "5400+30"]

1. Nf3 Nf6 2. d4 g6 3. Nbd2 Bg7 4. e4 d6 5. Bd3 Nbd7 6. O-O O-O 7. c3 c6 8. a4 e5 9. Re1 Qc7 10. Qc2 Re8 11. b3 Nf8 12. Ba3 Bg4 13. Bxd6 Qxd6 14. dxe5 Qc7 15. exf6 Bxf6 16. h3 Bxf3 17. Nxf3 Rad8 18. Rad1 Ne6 19. e5 Bg7 20. Bc4 a6 21. b4 b5 22. Bxe6 Rxe6 23. Rxd8+ Qxd8 24. Nd4 Rxe5 25. Rxe5 Bxe5 26. Nxc6 Qd6 27. Nxe5 Qxe5 28. axb5 axb5 29. Qd2 h5 30. Qd8+ Kh7 31. Qd4 Qe2 32. Qe3 Qd1+ 33. Kh2 Qf1 34. Kg3 Qc4 35. f4 Qf1 36. Kh2 Kg8 37. Qf3 Qc1 38. Qe4 Qf1 39. f5 gxf5 40. Qf3 Qc4 41. Qxf5 Qc7+ 42. Kg1 Qxc3 43. Qxb5 Qe3+ 44. Kf1 Qf4+ 45. Ke2 Qe4+ 46. Kd1 Qxg2 47. Qxh5 Qf1+ 48. Kd2 Qf2+ 49. Kc3 Qe1+ 50. Kc4 Qe4+ 51. Kb5 Qd3+ 52. Ka5 Qa3+ 53. Kb5 Qd3+ 54. Kb6 Qd6+ 55. Ka5 Qc7+ 56. Kb5 Qb7+ 57. Ka4 Qa6+ 58. Qa5 Qc6+ 59. b5 Qc2+ 60. Ka3 Qc1+ 61. Kb3 Qd1+ 62. Kc4 Qe2+ 63. Kc5 Qe3+ 64. Kc6 Qe6+ 65. Kc7 Qe7+ 66. Kc8 Qe6+ 67. Kb8 Qe8+ 68. Ka7 Qd7+ 69. Ka6 Qc8+ 70. Kb6 Qd8+ 71. Ka6 Qc8+ 72. Ka7 Qd7+ 73. Kb8 Qe8+ 74. Kc7 Qe7+ 75. Kc6 Qe6+ 76. Kc5 Qe3+ 77. Kc4 Qe2+ 78. Kd4 Qf2+ 79. Ke4 Qe2+ 80. Kd4 Qf2+ 81. Kd3 Qf3+ 82. Kd2 Qf2+ 83. Kd1 Qf1+ 84. Kc2 Qc4+ 85. Qc3 Qxb5 86. Qg3+ Kh7 87. Qh4+ Kg6 88. Qg4+ Kf6 1/2-1/2

[Event "Turkish Club Cup 2019"]
[Site "Konya"]
[Date "2019.07.18"]
[Round "5"]
[White "Inci, Okan"]
[Black "Vursan, Emre Can"]
[Result "1-0"]
[ECO "A55"]
[WhiteElo "1609"]
[BlackElo "1714"]
[Annotator "NA RC"]
[PlyCount "137"]
[EventDate "2019.07.16"]
[EventType "team-tourn"]
[EventCountry "TUR"]
[SourceTitle "playchess.com"]
[Source "ChessBase"]
[SourceQuality "1"]
[TimeControl "5400+30"]

1. Nf3 Nf6 2. c4 d6 3. d4 Nbd7 4. Nc3 e5 5. e4 Be7 6. Be2 O-O 7. O-O exd4 8. Nxd4 Nc5 9. f3 a5 10. b3 Ne8 11. Be3 g6 12. Qd2 c6 13. Rfd1 Ng7 14. Qe1 Qc7 15. Rac1 f5 16. exf5 Nxf5 17. Nxf5 Bxf5 18. Qg3 Rac8 19. Rd2 Rfe8 20. Bf4 Ne6 21. Bxd6 Bxd6 22. Qxd6 Qb6+ 23. c5 Qxc5+ 24. Qxc5 Nxc5 25. Bc4+ Be6 26. Bxe6+ Rxe6 27. Rcd1 Re3 28. Ne2 Rce8 29. Nf4 g5 30. Nh5 Kf7 31. Kf2 g4 32. fxg4 R3e4 33. h3 a4 34. bxa4 Rxa4 35. Rc2 b6 36. Kg1 Rea8 37. Rd6 Rxa2 38. Rxa2 Rxa2 39. Rxc6 Nd7 40. Rc7 Ke6 41. Nf4+ Kd6 42. Rc3 Nc5 43. Nd3 Ra1+ 44. Kh2 Kd5 45. Nxc5 bxc5 46. Rd3+ Kc6 47. Rd8 Ra7 48. Rc8+ Kd5 49. Kg3 Rf7 50. g5 c4 51. h4 Kd4 52. Kg4 c3 53. h5 Rg7 54. g6 hxg6 55. h6 Re7 56. Kg5 Re2 57. g4 Re5+ 58. Kxg6 Re6+ 59. Kg7 Re4 60. g5 Re5 61. g6 Re7+ 62. Kf8 Ra7 63. h7 Kd3 64. h8=Q c2 65. Qh3+ Kd4 66. Qh4+ Ke3 67. Qe1+ Kd3 68. Rd8+ Kc4 69. Qe2+ 1-0

[Event "Turkish Club Cup 2019"]
[Site "Konya"]
[Date "2019.07.18"]
[Round "5"]
[White "Yigit, Fatih"]
[Black "Acar, Eren"]
[Result "0-1"]
[ECO "D37"]
[WhiteElo "1594"]
[BlackElo "1539"]
[Annotator "NA"]
[PlyCount "98"]
[EventDate "2019.07.16"]
[EventType "team-tourn"]
[EventCountry "TUR"]
[SourceTitle "playchess.com"]
[Source "ChessBase"]
[SourceQuality "1"]
[TimeControl "5400+30"]

1. d4 d5 2. c4 e6 3. Nc3 Nf6 4. e3 Be7 5. Nf3 O-O 6. Be2 dxc4 7. O-O c5 8. Bxc4 cxd4 9. Nxd4 a6 10. b3 b5 11. Be2 Bb7 12. Bf3 Nd5 13. Bb2 Bf6 14. Qe2 Bxd4 15. exd4 Qg5 16. Ne4 Qg6 17. Bc1 Nd7 18. Re1 N7f6 19. Nc5 Nc3 20. Qe3 Bxf3 21. Qxf3 Ncd5 22. Bd2 Rfd8 23. Ba5 Re8 24. a4 h6 25. Nd3 Rab8 26. Ne5 Qg5 27. g3 Rec8 28. h4 Qh5 29. Qd3 Qf5 30. Qxf5 exf5 31. Rac1 Rxc1 32. Rxc1 f4 33. Rc6 fxg3 34. fxg3 bxa4 35. bxa4 Ra8 36. Nd3 Ne4 37. Kg2 Ne7 38. Rb6 Nd5 39. Rb7 Rc8 40. Kf3 Nec3 41. Nc5 Rc6 42. Rb3 Rf6+ 43. Kg2 Ne2 44. Rb8+ Kh7 45. Ra8 Ne3+ 46. Kh3 Rf1 47. Kh2 Rf2+ 48. Kh1 Nxg3+ 49. Kg1 Rg2# 0-1

[Event "Turkish Club Cup 2019"]
[Site "Konya"]
[Date "2019.07.18"]
[Round "5"]
[White "Unsal, Omer"]
[Black "Mutlu, Bunyamin"]
[Result "1-0"]
[ECO "E66"]
[WhiteElo "1586"]
[BlackElo "1511"]
[Annotator "NA RC"]
[PlyCount "119"]
[EventDate "2019.07.16"]
[EventType "team-tourn"]
[EventCountry "TUR"]
[SourceTitle "playchess.com"]
[Source "ChessBase"]
[SourceQuality "1"]
[TimeControl "5400+30"]

1. c4 Nf6 2. g3 g6 3. Bg2 Bg7 4. Nc3 O-O 5. Nf3 d6 6. O-O c5 7. d4 Nc6 8. d5 Nb8 9. Re1 Na6 10. h3 Nc7 11. e4 Nd7 12. Bf4 f6 13. Qd2 Rf7 14. Bf1 Qf8 15. Nh2 h6 16. Be3 g5 17. Be2 f5 18. exf5 Rxf5 19. Bd3 Ne5 20. Be2 Ne8 21. Rf1 Rf7 22. Kg2 Bf5 23. f4 gxf4 24. Rxf4 Bh7 25. Raf1 Nf6 26. Ng4 Nfxg4 27. Bxg4 Nxc4 28. Rxf7 Nxd2 29. Rxf8+ Rxf8 30. Be6+ Kh8 31. Rxf8+ Bxf8 32. Bxd2 Bg7 33. Kf3 Be5 34. Bxh6 a6 35. Bg5 b5 36. Bf4 Bf6 37. Bc1 b4 38. Ne4 Bd4 39. b3 Kg7 40. g4 a5 41. h4 c4 42. h5 a4 43. bxa4 b3 44. axb3 cxb3 45. g5 b2 46. Bxb2 Bxb2 47. g6 Bxg6 48. hxg6 Kxg6 49. Nd2 Bd4 50. Ke4 Ba7 51. Nc4 Kg7 52. a5 Kf8 53. Nb6 Ke8 54. Nc8 Bc5 55. a6 Kd8 56. a7 Bxa7 57. Nxa7 Kc7 58. Nc6 Kb6 59. Nxe7 Kc7 60. Nf5 1-0

[Event "Turkish Club Cup 2019"]
[Site "Konya"]
[Date "2019.07.18"]
[Round "5"]
[White "Metin, Enis"]
[Black "Aydin, Ismail"]
[Result "1-0"]
[ECO "C00"]
[WhiteElo "1538"]
[BlackElo "1896"]
[Annotator "NA"]
[PlyCount "138"]
[EventDate "2019.07.16"]
[EventType "team-tourn"]
[EventCountry "TUR"]
[SourceTitle "playchess.com"]
[Source "ChessBase"]
[SourceQuality "1"]
[TimeControl "5400+30"]

1. e4 e6 2. Nf3 d5 3. e5 c5 4. b4 c4 5. a3 b5 6. Nc3 Bd7 7. Nd4 Qb6 8. Nf3 a5 9. bxa5 Rxa5 10. d3 Bb4 11. Bb2 Bc5 12. d4 Be7 13. Ne2 Qa7 14. Qc1 Nc6 15. Nf4 Nh6 16. Nh5 O-O 17. h4 Nf5 18. Qf4 Bxa3 19. Rxa3 Rxa3 20. g4 Rxf3 21. Qxf3 Qa2 22. gxf5 Qxb2 23. Rg1 Qa1+ 24. Qd1 Qxd1+ 25. Kxd1 Kh8 26. c3 g6 27. Nf6 Bc8 28. fxg6 fxg6 29. h5 Ne7 30. hxg6 Nxg6 31. Be2 Rf7 32. Bh5 Rg7 33. Ne8 Ra7 34. Rg3 Kg8 35. Nf6+ Kg7 36. Bxg6 hxg6 37. Rh3 Ra1+ 38. Ke2 g5 39. Rh7+ Kg6 40. Rh8 Ba6 41. Rg8+ Kf7 42. Rb8 Ra2+ 43. Ke1 Kg6 44. Nd7 Rb2 45. Nc5 b4 46. Rxb4 Ra2 47. Rb6 Bc8 48. Rb8 Rc2 49. Rxc8 Rxc3 50. Nxe6 Rd3 51. Ke2 Kf5 52. Rc6 Ra3 53. Nc5 Ra2+ 54. Kf3 Ra3+ 55. Kg2 c3 56. Rf6+ Kg4 57. f3+ Kh5 58. Ne6 g4 59. Ng7+ Kh4 60. Rh6+ Kg5 61. Rh1 Kf4 62. fxg4 Ra2+ 63. Kh3 Rd2 64. Rc1 c2 65. e6 Rd3+ 66. Kh4 Rd1 67. Nh5+ Ke4 68. Rxc2 Kxd4 69. Re2 Kc5 1-0

[Event "Turkish Club Cup 2019"]
[Site "Konya"]
[Date "2019.07.18"]
[Round "5"]
[White "Yalcinkaya, Ilhan Safak"]
[Black "Oz, Ozan"]
[Result "0-1"]
[ECO "A06"]
[WhiteElo "1537"]
[BlackElo "1923"]
[Annotator "NA"]
[PlyCount "74"]
[EventDate "2019.07.16"]
[EventType "team-tourn"]
[EventCountry "TUR"]
[SourceTitle "playchess.com"]
[Source "ChessBase"]
[SourceQuality "1"]
[TimeControl "5400+30"]

1. Nf3 d5 2. b3 Bf5 3. Bb2 c6 4. e3 Nf6 5. Be2 h6 6. O-O Nbd7 7. d4 e6 8. c4 Bd6 9. Nbd2 Ne4 10. Ne5 Qc7 11. f4 Ndf6 12. c5 Be7 13. Nxe4 Nxe4 14. Bg4 Bf6 15. Nd3 O-O 16. Bxf5 exf5 17. Nf2 Rfe8 18. Qh5 Qd7 19. Nxe4 Rxe4 20. Rae1 Rae8 21. Rf3 Bxd4 22. Bxd4 Rxd4 23. exd4 Rxe1+ 24. Rf1 Qe6 25. Qf3 Re3 26. Qd1 Qe4 27. Kh1 Rd3 28. Qe1 Rxd4 29. Qa5 Qxf4 30. Qd8+ Kh7 31. Rg1 Qf2 32. Qd7 Rh4 33. h3 d4 34. Qxb7 d3 35. Qxc6 Re4 36. Qd5 d2 37. c6 Re1 0-1

[Event "Turkish Club Cup 2019"]
[Site "Konya"]
[Date "2019.07.18"]
[Round "5"]
[White "Koc, Azra Ece"]
[Black "Sen, Nehir"]
[Result "1-0"]
[ECO "B08"]
[WhiteElo "1527"]
[BlackElo "1307"]
[Annotator "NA"]
[PlyCount "41"]
[EventDate "2019.07.16"]
[EventType "team-tourn"]
[EventCountry "TUR"]
[SourceTitle "playchess.com"]
[Source "ChessBase"]
[SourceQuality "1"]
[TimeControl "5400+30"]

1. d4 g6 2. Bf4 Bg7 3. Nc3 d6 4. e4 c6 5. Nf3 Nf6 6. Qd2 O-O 7. Bh6 b5 8. a3 Qa5 9. Bxg7 Kxg7 10. Bd3 a6 11. b4 Qc7 12. e5 Nfd7 13. Qe3 Nb6 14. h4 N8d7 15. h5 Rh8 16. hxg6 hxg6 17. Rxh8 Kxh8 18. Qh6+ Kg8 19. Bxg6 fxg6 20. Qxg6+ Kh8 21. Ng5 1-0

[Event "Turkish Club Cup 2019"]
[Site "Konya"]
[Date "2019.07.18"]
[Round "5"]
[White "Sancar, Alperen"]
[Black "Ince, Eray"]
[Result "0-1"]
[ECO "A48"]
[WhiteElo "1479"]
[BlackElo "1459"]
[Annotator "NA"]
[PlyCount "70"]
[EventDate "2019.07.16"]
[EventType "team-tourn"]
[EventCountry "TUR"]
[SourceTitle "playchess.com"]
[Source "ChessBase"]
[SourceQuality "1"]
[TimeControl "5400+30"]

1. d4 g6 2. Bf4 Bg7 3. Nf3 d6 4. e3 Nf6 5. Nbd2 Nbd7 6. Bd3 O-O 7. c3 Re8 8. Bg3 e5 9. Bc2 exd4 10. cxd4 Nb6 11. O-O Nh5 12. Bh4 Bf6 13. Bxf6 Nxf6 14. Rc1 Bg4 15. h3 Bxf3 16. Qxf3 d5 17. Bb3 c6 18. Bc2 Qe7 19. Qe2 Nh5 20. g4 Nf4 21. Qf3 Ne6 22. Rfe1 Qb4 23. Nb3 Nc4 24. Rb1 Nxb2 25. Na1 Nxd4 26. Qf6 c5 27. Bb3 Re6 28. Qf4 Ne2+ 29. Rxe2 Qxf4 30. exf4 Rxe2 31. Bxd5 Rae8 32. Kf1 Nd3 33. Bc4 Re1+ 34. Rxe1 Rxe1+ 35. Kg2 Nxf4+ 0-1

[Event "Turkish Club Cup 2019"]
[Site "Konya"]
[Date "2019.07.18"]
[Round "5"]
[White "Hekimoglu, Mihriban"]
[Black "Sahin, Hayrun Nisa"]
[Result "0-1"]
[ECO "A48"]
[WhiteElo "1440"]
[BlackElo "1772"]
[Annotator "NA RC"]
[PlyCount "128"]
[EventDate "2019.07.16"]
[EventType "team-tourn"]
[EventCountry "TUR"]
[SourceTitle "playchess.com"]
[Source "ChessBase"]
[SourceQuality "1"]
[TimeControl "5400+30"]

1. d4 Nf6 2. Nf3 g6 3. Bf4 Bg7 4. e3 O-O 5. Be2 d6 6. h3 c5 7. c3 Qb6 8. Qd2 Bf5 9. O-O Ne4 10. Qc1 Rc8 11. Nbd2 cxd4 12. exd4 Nc6 13. Nxe4 Bxe4 14. Qd2 Na5 15. Rfe1 Rc7 16. b3 Rac8 17. Rac1 Bd5 18. Qe3 Nc6 19. Ng5 h6 20. Nf3 g5 21. Bh2 f5 22. Red1 f4 23. Qd2 Qa5 24. g3 Bxf3 25. Bxf3 Nxd4 26. Bg4 fxg3 27. Bxg3 Rxc3 28. Rxc3 Qxc3 29. Qe3 Rc7 30. Be6+ Kf8 31. Qe4 Nxe6 32. Qxe6 Qf6 33. Rxd6 exd6 34. Bxd6+ Re7 35. Bxe7+ Qxe7 36. Qc8+ Kf7 37. Qc4+ Kf6 38. Qd4+ Kg6 39. Qd3+ Kf6 40. Qd4+ Qe5 41. Qd8+ Kg6 42. Qd3+ Qf5 43. Qd6+ Bf6 44. Qf8 Qxh3 45. Qg8+ Bg7 46. Qe8+ Kf6 47. Qd8+ Kf7 48. Qd5+ Qe6 49. Qxb7+ Kg6 50. Qxa7 Qe1+ 51. Kg2 Qe4+ 52. Kg1 Bd4 53. Qa6+ Kh5 54. Qf1 Qg4+ 55. Kh1 Qh4+ 56. Kg2 Be5 57. Qe2+ Qg4+ 58. Qxg4+ Kxg4 59. b4 Bc3 60. b5 Ba5 61. f3+ Kf4 62. a3 Bb6 63. a4 h5 64. Kh3 Kxf3 0-1

[Event "Turkish Club Cup 2019"]
[Site "Konya"]
[Date "2019.07.18"]
[Round "5"]
[White "Yaman, Sila"]
[Black "Yalcin, Sudenaz"]
[Result "1/2-1/2"]
[ECO "E85"]
[WhiteElo "1381"]
[BlackElo "1371"]
[Annotator "NA"]
[PlyCount "60"]
[EventDate "2019.07.16"]
[EventType "team-tourn"]
[EventCountry "TUR"]
[SourceTitle "playchess.com"]
[Source "ChessBase"]
[SourceQuality "1"]
[TimeControl "5400+30"]

1. d4 Nf6 2. c4 d6 3. Nc3 g6 4. e4 Bg7 5. f3 O-O 6. Be3 e5 7. d5 Nbd7 8. Nge2 Ne8 9. g4 Nc5 10. Qd2 a5 11. h4 f6 12. Ng3 Rf7 13. Be2 Nd7 14. Bd3 Bf8 15. g5 Nc5 16. Bc2 f5 17. Nge2 f4 18. Bf2 Ng7 19. O-O-O b6 20. a4 Ba6 21. b3 Bb7 22. Kb2 Na6 23. Rdg1 Nb4 24. Bb1 Nh5 25. Nc1 Bc8 26. Nd3 Nxd3+ 27. Bxd3 Bd7 28. Bf1 Qc8 29. Be2 Qd8 30. Qd1 Qc8 1/2-1/2

[Event "Turkish Club Cup 2019"]
[Site "Konya"]
[Date "2019.07.18"]
[Round "5"]
[White "Canakay, Kerem"]
[Black "Kargi, Mert"]
[Result "0-1"]
[ECO "B31"]
[WhiteElo "1353"]
[BlackElo "1729"]
[Annotator "NA"]
[PlyCount "68"]
[EventDate "2019.07.16"]
[EventType "team-tourn"]
[EventCountry "TUR"]
[SourceTitle "playchess.com"]
[Source "ChessBase"]
[SourceQuality "1"]
[TimeControl "5400+30"]

1. e4 c5 2. Nf3 Nc6 3. Bb5 g6 4. d4 cxd4 5. Nxd4 Bg7 6. Nf3 Qa5+ 7. Nc3 Bxc3+ 8. bxc3 Qxb5 9. Nd4 Qc4 10. Bb2 e5 11. Nxc6 Qxe4+ 12. Qe2 Qxe2+ 13. Kxe2 bxc6 14. Rhe1 Ba6+ 15. Kd2 d6 16. Ba3 O-O-O 17. Rab1 f5 18. Rb2 Nf6 19. f3 Kc7 20. Rbb1 e4 21. Bb4 Rb8 22. Rbd1 c5 23. Ba3 Rhe8 24. Rg1 e3+ 25. Kc1 e2 26. Rde1 Nd5 27. Bb2 Bc4 28. a3 Ne3 29. a4 Nd1 30. Ba1 Kb6 31. g4 f4 32. Rg2 Ka5 33. h4 h6 34. h5 g5 0-1

[Event "Turkish Club Cup 2019"]
[Site "Konya"]
[Date "2019.07.18"]
[Round "5"]
[White "Cankurtaran, Merve"]
[Black "Cingoz, Isil"]
[Result "1-0"]
[ECO "D03"]
[WhiteElo "1335"]
[BlackElo "1123"]
[Annotator "NA"]
[PlyCount "71"]
[EventDate "2019.07.16"]
[EventType "team-tourn"]
[EventCountry "TUR"]
[SourceTitle "playchess.com"]
[Source "ChessBase"]
[SourceQuality "1"]
[TimeControl "5400+30"]

1. d4 e6 2. Nf3 d5 3. c3 Nf6 4. Bg5 c5 5. e3 h6 6. Bh4 a6 7. Bd3 c4 8. Bc2 Be7 9. Nbd2 Nbd7 10. O-O b5 11. Ne5 Nxe5 12. dxe5 Nd7 13. Bxe7 Qxe7 14. Qg4 Qg5 15. Qxg5 hxg5 16. f4 g4 17. e4 Bb7 18. exd5 exd5 19. Bf5 Nc5 20. Bxg4 Rh4 21. Bf5 g6 22. Bc2 O-O-O 23. f5 gxf5 24. Bxf5+ Kb8 25. Nf3 Rh6 26. Nd4 Rdh8 27. h3 Rg8 28. Rae1 Ne6 29. Re3 Nd8 30. Ree1 Ne6 31. Re3 Nd8 32. Rf4 Nc6 33. Bd7 Rh7 34. Bxc6 Bc8 35. Kh2 Rhg7 36. Bxd5 1-0

[Event "Turkish Club Cup 2019"]
[Site "Konya"]
[Date "2019.07.18"]
[Round "5"]
[White "Haktanirlar, Zeren"]
[Black "Olmez, Sude"]
[Result "1/2-1/2"]
[ECO "D37"]
[WhiteElo "1294"]
[BlackElo "1180"]
[Annotator "NA RC"]
[PlyCount "110"]
[EventDate "2019.07.16"]
[EventType "team-tourn"]
[EventCountry "TUR"]
[SourceTitle "playchess.com"]
[Source "ChessBase"]
[SourceQuality "1"]
[TimeControl "5400+30"]

1. d4 e6 2. c4 d5 3. Nc3 Nf6 4. Nf3 Be7 5. Bf4 Nbd7 6. e3 a6 7. h3 O-O 8. c5 Re8 9. Bd3 Nf8 10. b4 Bd7 11. O-O Ng6 12. Bh2 h6 13. Qc2 Nf8 14. Ne5 N6h7 15. a4 f6 16. Ng6 Ng5 17. f4 Nf7 18. b5 Nxg6 19. Bxg6 f5 20. Bh5 Rf8 21. Be2 Qe8 22. bxa6 bxa6 23. a5 Bc6 24. Rab1 Qd7 25. Bd3 Nd8 26. Qe2 Bb7 27. Rfc1 Ra7 28. Rb2 Nc6 29. Ra1 Rb8 30. Qh5 Kh7 31. Qf3 g6 32. g4 Rg8 33. Kf1 Bd8 34. Bg3 Ba8 35. Qe2 Bb7 36. Be1 Bf6 37. Qf3 Qe7 38. Qg3 Ba8 39. Ne2 Rb8 40. Rxb8 Nxb8 41. Rb1 Rb7 42. Rxb7 Bxb7 43. h4 Qg7 44. g5 Bd8 45. Ng1 h5 46. Nf3 c6 47. Qf2 Qc7 48. Qd2 Bc8 49. Qb4 Qb7 50. Qxb7+ Bxb7 51. Ne5 Bc7 52. Ke2 Kg7 53. Kf3 Bxe5 54. fxe5 Nd7 55. Kf4 Kf7 1/2-1/2

[Event "Turkish Club Cup 2019"]
[Site "Konya"]
[Date "2019.07.18"]
[Round "5"]
[White "Dogan, Eylem Su"]
[Black "Eraslan, Ecem"]
[Result "1-0"]
[ECO "D60"]
[WhiteElo "1285"]
[BlackElo "1397"]
[Annotator "NA RC"]
[PlyCount "105"]
[EventDate "2019.07.16"]
[EventType "team-tourn"]
[EventCountry "TUR"]
[SourceTitle "playchess.com"]
[Source "ChessBase"]
[SourceQuality "1"]
[TimeControl "5400+30"]

1. d4 d5 2. c4 c6 3. Nc3 Nf6 4. Bg5 e6 5. Nf3 Be7 6. e3 Nbd7 7. Be2 O-O 8. O-O h6 9. Bh4 dxc4 10. Bxc4 b5 11. Bb3 Bb7 12. a3 a6 13. Bc2 c5 14. dxc5 Nxc5 15. b4 Nce4 16. Qxd8 Bxd8 17. Nxe4 Nxe4 18. Bxe4 Bxe4 19. Bxd8 Rfxd8 20. Nd4 Bd5 21. Rac1 Bc4 22. Rfd1 Rd6 23. Nf3 Rxd1+ 24. Rxd1 a5 25. Ne5 axb4 26. axb4 Rc8 27. h3 f6 28. Nd7 Rc6 29. Nc5 Kf7 30. f3 Kg6 31. Kf2 Rc7 32. f4 Re7 33. g4 e5 34. f5+ Kf7 35. Ne4 Kf8 36. Rd8+ Re8 37. Rxe8+ Kxe8 38. Nd6+ Kd7 39. Nxc4 bxc4 40. Ke2 Kc6 41. Kd2 Kd5 42. Kc3 Ke4 43. Kxc4 Kxe3 44. b5 Kf2 45. b6 e4 46. b7 e3 47. b8=Q e2 48. Qf4+ Kg2 49. Qe4+ Kf2 50. Qf4+ Kg2 51. Qe3 Kf1 52. Qf3+ Ke1 53. Kd3 1-0

[Event "Turkish Club Cup 2019"]
[Site "Konya"]
[Date "2019.07.18"]
[Round "5"]
[White "Kucuk, Aybike"]
[Black "Gul, Zeynep"]
[Result "1/2-1/2"]
[ECO "B01"]
[WhiteElo "1266"]
[BlackElo "1359"]
[Annotator "NA"]
[PlyCount "73"]
[EventDate "2019.07.16"]
[EventType "team-tourn"]
[EventCountry "TUR"]
[SourceTitle "playchess.com"]
[Source "ChessBase"]
[SourceQuality "1"]
[TimeControl "5400+30"]

1. e4 d5 2. exd5 Qxd5 3. Nc3 Qd8 4. d4 Nf6 5. Nf3 Bg4 6. Be2 e6 7. O-O Be7 8. Bf4 O-O 9. h3 Bxf3 10. Bxf3 c6 11. Re1 Nbd7 12. Ne4 Nxe4 13. Bxe4 Nf6 14. Bd3 Bd6 15. Bd2 Qc7 16. Qf3 Rfd8 17. c3 Rd7 18. Bg5 Be7 19. Re5 Rd5 20. Rxd5 Nxd5 21. Bd2 Bd6 22. Re1 Qe7 23. Qe4 Nf6 24. Qh4 Qd8 25. Bg5 h6 26. Bd2 Be7 27. Qg3 Kf8 28. Qf3 Qd5 29. Qxd5 Nxd5 30. a3 Rd8 31. Re4 Bf6 32. Kf1 Nb6 33. Ke2 Na4 34. Bc1 Nb6 35. Bd2 Nd5 36. Kd1 Nb6 37. Kc2 1/2-1/2